 Dungeon Crawl Stone Soup version 0.28.0-1-gb440e238dd (webtiles) character file.

Game seed: 12957159170511045021

138 kegs the Skirmisher (level 5, -4/47 HPs)
             Began as a Hill Orc Fighter on Feb 20, 2022.
             Succumbed to Ijyb's poison
             ... on level 3 of the Dungeon.
             The game lasted 00:09:37 (2983 turns).

kegs the Skirmisher (Hill Orc Fighter)              Turns: 2983, Time: 00:09:38

Health: -4/47      AC:  7    Str: 21    XL:     5   Next: 21%
Magic:  14/14      EV:  9    Int:  8    God:
Gold:   90         SH:  4    Dex: 10    Spells: 4/4 levels left

rFire   . . .      SeeInvis .   a - +0 war axe
rCold   . . .      Faith    .   c - +0 buckler
rNeg    . . .      Spirit   .   b - +0 scale mail
rPois   .          Reflect  .   (no helmet)
rElec   .          Harm     .   (no cloak)
rCorr   .          Rampage  .   (no gloves)
Will    .....                   (no boots)
Stlth   ..........              (no amulet)
HPRegen 0.15/turn               j - ring of magical power
MPRegen 0.14/turn               (no ring)

@: lethally poisoned (-4 -> -39)
A: no striking features
a: no special abilities


You were on level 3 of the Dungeon.
You visited 1 branch of the dungeon, and saw 3 of its levels.

You collected 90 gold pieces.

Inventory:

Hand Weapons
 a - a +0 war axe (weapon)
 f - a +2 dagger of flaming
Missiles
 n - 2 throwing nets (quivered) {!f}
Armour
 b - a +0 scale mail (worn)
 c - a +0 buckler (worn)
 i - a +0 pair of boots
Jewellery
 j - a ring of magical power (left hand)
Scrolls
 g - a scroll of vulnerability {!r}
 k - 2 scrolls of fear
 l - a scroll of enchant weapon {unknown}
Potions
 d - a potion of might
 e - a potion of lignification {unknown}
 h - a potion of mutation {!q}
 m - a potion of flight {unknown}
 o - a potion of degeneration {unknown}
 p - a potion of brilliance {unknown}


   Skills:
 * Level 4.7 Fighting
 * Level 4.2 Axes
 * Level 4.4 Armour
 + Level 3.8 Shields


You had 4 spell levels left.
You didn't know any spells.
Your spell library contained the following spells:

 Spells                   Type           Power      Damage    Failure   Level
 Conjure Flame            Conj/Fire      0%         6-21      99%         3
 Ignite Poison            Fire/Tmut/Pois 0%         N/A       99%         3
 Sticky Flame             Conj/Fire      0%         2d3       100%        4


Dungeon Overview and Level Annotations

Branches:
Dungeon (3/15)

Altars:

Shops:
D:2 [

Annotations:
D:3 Ijyb


Message History

The adder bites you.
Ijyb hits you with a +4 dagger of venom.
You closely miss the adder.
The adder is moderately wounded.
You closely miss Ijyb.
You feel very sick. The adder closely misses you.
Ijyb hits you but does no damage.
You are more poisoned.
The adder bites you but does no damage.
You hit the adder.
The adder is heavily wounded.
You closely miss Ijyb.
You feel very sick. The adder barely misses you.
Ijyb hits you but does no damage.
You are more poisoned.
You miss the adder.
The adder is heavily wounded.
You closely miss Ijyb.
You feel very sick. The adder barely misses you.
Ijyb hits you with a +4 dagger of venom.
You are lethally poisoned!
The adder bites you but does no damage. Ijyb misses you.
You barely miss the adder.
The adder is heavily wounded.
You slash Ijyb!
* * * LOW HITPOINT WARNING * * *
You feel extremely sick. The adder bites you.
* * * LOW HITPOINT WARNING * * *
You are more poisoned.
The adder poisons you!
Ijyb hits you with a +4 dagger of venom.
* * * LOW HITPOINT WARNING * * *
You are more poisoned.
The adder bites you but does no damage.
You closely miss the adder.
The adder is heavily wounded.
You hit Ijyb but do no damage.
You die...

##.## #.# ###### #...#
##.# #..... #...#
.##.# #.####
####...##.##.# #.#
#..........#.# #.#
#:..[.....##.# ##.##
#.........##.###...###
#..@S.###...........
#..g.......###...###
#....####.#####.##
#..### #.##....# #.#
#.##.####### #.
#........... #.
########..###### #.
..........######
########........


You could see Ijyb and an adder.

Vanquished Creatures
  An orc priest (D:3)
  4 gnolls (D:3)
  An adder (D:2)
  2 worms
  A dart slug (D:1)
  3 orcs (D:3)
  3 ball pythons
  2 bats
  5 endoplasms
  4 giant cockroaches
  5 goblins
  4 hobgoblins (D:1)
  2 quokkas (D:1)
  A frilled lizard (D:1)
  4 kobolds
  6 rats
48 creatures vanquished.

Notes
Turn   | Place    | Note
-------+----------+-------------------------------------------
     0 | D:1      | kegs the Hill Orc Fighter began the quest for the Orb.
     0 | D:1      | Reached XP level 1. HP: 19/19 MP: 1/1
   279 | D:1      | Reached XP level 2. HP: 20/27 MP: 2/2
   828 | D:1      | Reached XP level 3. HP: 33/33 MP: 3/3
  1112 | D:2      | Found Gauvit's Armour Shoppe.
  1532 | D:2      | Found a faded altar of an unknown god.
  2111 | D:3      | Reached XP level 4. HP: 22/40 MP: 4/4
  2528 | D:3      | Reached XP level 5. HP: 11/47 MP: 5/5
  2972 | D:3      | Noticed Ijyb
  2983 | D:3      | Succumbed to Ijyb's poison

Illustrated notes

Levels and vault maps discovered:
D:1:      tarquinn_simple_flora_water_f, layout_loops_ring,
          hangedman_feature_mirror
D:2:      layout_loops_corners, serial_shops, shop,
          shapermc_ecumenical_altar_acropolis
D:3:      layout_loops_ring, uniq_ijyb

Skill      XL: |  1  2  3  4 |
---------------+-------------+-----
Axes           | 3 4 |  4.2
Fighting       | 4 |  4.7
Armour         | 4 |  4.4
Shields        | |  3.8

Action                   |  1- 3 |  4- 6 || total
-------------------------+-------+-------++-------
Melee: War axe           |   101 |    66 ||   167
  Use: Scroll            |     4 |       ||     4
Armor: Scale mail        |    40 |    26 ||    66
Dodge: Dodged            |    33 |    47 ||    80
Block: Buckler           |    18 |    26 ||    44
